 Dungeon Crawl Stone Soup version 0.31-a0-151-ge443d1f16c (webtiles) character file.

Game seed: 14911664192309237421

543 qw the Skirmisher (level 7, 0/61 HPs)
             Began as a Minotaur Hunter on June 8, 2023.
             Slain by Sigmund
             ... wielding a +0 scythe
              (1 damage)
             ... on level 5 of the Dungeon.
             The game lasted 00:01:23 (3915 turns).

qw the Skirmisher (Minotaur Hunter)                 Turns: 3915, Time: 00:01:24

Health: 0/61       AC:  6    Str: 16    XL:     7   Next: 6%
Magic:  6/6        EV: 11    Int:  6    God:
Gold:   277        SH:  0    Dex: 15    Spells: 6/6 levels left

rFire   . . .        Y - +2 shortbow
rCold   + . .        (shield currently unavailable)
rNeg    + . .        f - +0 ring mail
rPois   .            (helmet restricted)
rElec   .            c - scarf {repulsion}
rCorr   .            m - +0 pair of gloves
SInv    .            (no boots)
Will    .....        (no amulet)
Stlth   +            k - ring of protection from cold
HPRegen 0.30/turn    b - ring of positive energy
MPRegen 0.10/turn

%: repel missiles
@: about to teleport
A: horns 2, retaliatory headbutt
a: no special abilities


You were on level 5 of the Dungeon.
You visited 1 branch of the dungeon, and saw 5 of its levels.

You collected 277 gold pieces.


Innate Abilities, Weirdness & Mutations

You have a pair of horns on your head.
You reflexively headbutt those who attack you in melee.


   Skills:
 - Level 5.6 Fighting
 - Level 8.0 Ranged Weapons
 + Level 1.0 Armour
 - Level 2.1 Dodging
 - Level 0.7 Stealth


You had 6 spell levels left.
You didn't know any spells.
Your spell library was empty.

Inventory:

Hand Weapons
 Y - a +2 shortbow (weapon)
Armour
 c - a scarf of repulsion (worn)
 f - a +0 ring mail (worn)
 m - a +0 pair of gloves (worn)
Jewellery
 b - a ring of positive energy (right hand)
 j - a ring of fire
 k - a ring of protection from cold (left hand)
Scrolls
 a - a scroll of identify
Potions
 d - a potion of resistance
 e - a potion of mutation
 g - 2 potions of curing
 h - a potion of haste
 l - a potion of heal wounds

Dungeon Overview and Level Annotations

Branches:
Dungeon (5/15)
 Temple: D:4-7

Altars:
Cheibriados
Hepliaklqana
Trog
Zin

Shops:
D:4 (

Annotations:
D:5 Sigmund


Message History

The arrow barely misses the orc warrior.
The shadow imp picks up a beetle and eats it.
The quokka bites you but does no damage.
You shoot an arrow.
The arrow completely misses the orc warrior.
The orc warrior hits you with a +0 war axe.
Something hits you. The orc hits you but does no damage.
The quokka barely misses you. You furiously retaliate!
You headbutt the quokka!
You kill the quokka!
The orc closely misses you.
The shadow imp grins evilly.
The orc warrior hits you with a +0 war axe!
You shoot an arrow.
The arrow barely misses the orc warrior.
The scorpion stings you but does no damage.
Something hits you but does no damage.
The orc warrior hits you with a +0 war axe!
The orc barely misses you.
You shoot an arrow. The arrow hits the orc warrior!
The orc warrior is moderately wounded.
The scorpion stings you but does no damage.
Something hits you but does no damage. The scorpion misses you.
The orc hits you with a +0 flail. The orc warrior closely misses you.
You shoot an arrow. The arrow hits the orc warrior!
The orc warrior is severely wounded.
The scorpion barely misses you. The orc hits you but does no damage.
The orc warrior hits you but does no damage.
The shadow imp lashes its tail.
You shoot an arrow. The arrow hits the orc warrior.
The orc warrior is almost dead.
Something hits you!
The scorpion stings you but does no damage.
The orc barely misses you. You furiously retaliate!
You headbutt the orc.
The orc warrior hits you with a +0 war axe!
3915 ||| READING scroll of teleportation.
As you read the scroll of teleportation, it crumbles to dust.
You feel strangely unstable. The scorpion closely misses you.
The orc barely misses you. The orc warrior barely misses you.
Something hits you.
You die...

#...........#
#...........#
#...........#
#.#####%#####
#.# #.# #.# #.#
#.# #.# ##o#
#.# #o@# #.#
.....5s######.#
.....{5W....[.#
.#.#########..#
#. #..#########
#
##..........##
##............#
#......<.......
#......%%......


You could see an orc warrior, a scorpion, a shadow imp, an orc and an ufetubus.

Vanquished Creatures
  An ice beast (D:5)
  An ogre (D:4)
  2 scorpions
  A jelly (D:4)
  A hound (D:5)
  A sleepcap (D:4)
  Jessica (D:3)
  Robin (D:3)
  5 adders
  A worm (D:3)
  3 dart slugs
  2 orcs
  4 bats
  4 endoplasms
  A giant cockroach (D:1)
  10 goblins
  8 hobgoblins
  5 jackals
  4 kobolds
  4 quokkas
  5 ball pythons
  3 frilled lizards (D:1)
  7 rats
75 creatures vanquished.

Notes
Turn   | Place    | Note
-------+----------+-------------------------------------------
     0 | D:1      | qw the Minotaur Hunter began the quest for the Orb.
     0 | D:1      | Reached XP level 1. HP: 18/18 MP: 0/0
     0 | D:1      | 0 ||| qw: Version: 0.2-a-120-gdf1a93b
     0 | D:1      | 0 ||| qw: Game counter: 3107
     0 | D:1      | 0 ||| qw: Always use a shield: true
     0 | D:1      | 0 ||| qw: God list: Okawaru
     0 | D:1      | 0 ||| qw: Allow faded altars: false
     0 | D:1      | 0 ||| qw: Do Orc after D:15 true
     0 | D:1      | 0 ||| qw: Do second Lair branch before Depths: true
     0 | D:1      | 0 ||| qw: Lair rune preference: random
     0 | D:1      | 0 ||| qw: Plans: Normal
     0 | D:1      | 0 ||| PLANNING D:1-11
   287 | D:1      | Reached XP level 2. HP: 25/25 MP: 1/1
   313 | D:1      | Reached skill level 5 in Ranged Weapons
   545 | D:1      | Reached skill level 3 in Fighting
   851 | D:1      | 851 ||| UPGRADING to +0 ring mail.
   861 | D:1      | 861 ||| DROPPING +0 leather armour.
   862 | D:1      | 862 ||| DROPPING +6 ring of intelligence.
   863 | D:1      | 863 ||| DROPPING ring of wizardry.
   864 | D:1      | 864 ||| READING scroll labelled BOXKESCHA UTAKH.
   865 | D:1      | 865 ||| READING scroll labelled RICITZOURE.
   866 | D:1      | 866 ||| READING scroll labelled TIGGY QALIFU.
   867 | D:1      | 867 ||| DRINKING 2 cyan potions.
   868 | D:1      | 868 ||| DROPPING scroll of butterflies.
  1027 | D:2      | Found a faded altar of an unknown god.
  1147 | D:2      | Reached XP level 3. HP: 31/31 MP: 2/2
  1177 | D:2      | Reached skill level 1 in Armour
  1178 | D:2      | Identified the +8 dagger of Exoneration {flame, Dex+2}
  1600 | D:2      | 1600 ||| READING scroll labelled FIAZAVVOQOI.
  1604 | D:2      | 1604 ||| DRINKING 3 fizzy cyan potions.
  1605 | D:2      | 1605 ||| DRINKING 2 clear potions.
  1709 | D:2      | 1709 ||| DROPPING potion of berserk rage.
  1855 | D:3      | Noticed Jessica
  1859 | D:3      | Killed Jessica
  1860 | D:3      | Reached XP level 4. HP: 38/38 MP: 3/3
  1871 | D:3      | Noticed Robin
  1874 | D:3      | Reached skill level 6 in Ranged Weapons
  1884 | D:3      | HP: 6/38 [hobgoblin[Robin] (4)]
  1884 | D:3      | HP: 2/38 [hobgoblin[Robin] (4)]
  1885 | D:3      | 1885 ||| DRINKING 2 potions of heal wounds.
  1890 | D:3      | HP: 8/38 [Robin/+0 spear (3)]
  1891 | D:3      | 1891 ||| DRINKING potion of heal wounds.
  1894 | D:3      | Killed Robin
  2025 | D:3      | Noticed a scorpion
  2033 | D:3      | Killed a scorpion
  2034 | D:3      | Reached XP level 5. HP: 47/47 MP: 4/4
  2035 | D:3      | Found a hazy altar of Hepliaklqana.
  2051 | D:3      | Found a glowing silver altar of Zin.
  2470 | D:3      | Found a snail-covered altar of Cheibriados.
  2574 | D:3      | 2574 ||| UPGRADING to scarf of repulsion.
  2579 | D:3      | 2579 ||| DROPPING ring of flight.
  2580 | D:3      | 2580 ||| UPGRADING to ring of protection from cold.
  2581 | D:3      | 2581 ||| READING scroll labelled VEFYIFFUREIM.
  2582 | D:3      | 2582 ||| DRINKING 3 fizzy dark potions.
  2583 | D:3      | 2583 ||| DROPPING 2 potions of brilliance.
  2585 | D:3      | 2585 ||| Stepping ~*~*~tactically~*~*~ (cloud).
  2725 | D:4      | Found Fabbod's Weapon Emporium.
  2725 | D:4      | Noticed a +0 rapier
  2726 | D:4      | Noticed a +0 demon trident
  2734 | D:4      | 2734 ||| READING scroll labelled ROPAUT KOZO.
  2735 | D:4      | 2735 ||| READING scroll labelled LIUMIKK WOOMP.
  2897 | D:4      | Noticed an ogre
  2904 | D:4      | Killed an ogre
  2905 | D:4      | Reached skill level 7 in Ranged Weapons
  2905 | D:4      | Reached XP level 6. HP: 34/53 MP: 5/5
  3249 | D:4      | Found a bloodstained altar of Trog.
  3345 | D:4      | 3345 ||| FLEEEEING.
  3715 | D:4      | 3715 ||| UPGRADING to +0 pair of gloves.
  3720 | D:4      | 3720 ||| UPGRADING to ring of positive energy.
  3721 | D:4      | 3721 ||| READING 3 scrolls of identify.
  3721 | D:4      | 3721 ||| IDENTIFYING fizzy inky potion
  3722 | D:4      | 3722 ||| READING 2 scrolls of identify.
  3722 | D:4      | 3722 ||| IDENTIFYING amethyst potion
  3740 | D:5      | Entered Level 5 of the Dungeon
  3780 | D:5      | Noticed an ice beast
  3785 | D:5      | Reached skill level 8 in Ranged Weapons
  3801 | D:5      | Killed an ice beast
  3802 | D:5      | Reached XP level 7. HP: 39/61 MP: 6/6
  3879 | D:5      | 3879 ||| READING scroll of enchant weapon.
  3879 | D:5      | 3879 ||| ENCHANTING +1 shortbow.
  3897 | D:5      | Noticed Sigmund
  3899 | D:5      | 3899 ||| DRINKING 3 potions of curing.
  3899 | D:5      | 3899 ||| (to cure confusion)
  3914 | D:5      | HP: 11/61 [something (8)]
  3914 | D:5      | HP: 1/61 [orc warrior/+0 war axe (10)]
  3915 | D:5      | 3915 ||| READING scroll of teleportation.
  3915 | D:5      | Slain by Sigmund

Levels and vault maps discovered:
D:1:      dpeg_arrival_connections, layout_basic, solitary_fountain,
          serial_park_tiny_1
D:2:      kennysheep_big_flooded_room, layout_loops_ring,
          shapermc_ecumenical_altar_gd, serial_bayou_pond_a
D:3:      layout_loops_ring, slow_altar_2, mainiacjoe_overflow_large_starburst,
          minivault_26, uniq_robin, uniq_jessica
D:4:      wander_river, layout_loops_corners, mainiacjoe_overflow_catwalk,
          serial_shops, nicolae_shop_mannequins
D:5:      layout_rooms, minmay_temple_entry_glassed_door,
          minmay_fractal_squares_diagonal_5, uniq_sigmund

Skill      XL: |  1  2  3  4  5  6 |
---------------+-------------------+-----
Ranged Weapons | 5 6 7 8 |  8.0
Fighting       | 3 4 5 |  5.6
Armour         | 1 |  1.0
Dodging        | |  2.1
Stealth        | |  0.7

Action                     |  1- 3 |  4- 6 |  7- 9 || total
---------------------------+-------+-------+-------++-------
   Fire: Shortbow          |    94 |   149 |    16 ||   259
    Use: Scroll            |     4 |     5 |     2 ||    11
         Potion            |     3 |     3 |     1 ||     7
 Armour: Leather armour    |     5 |       |       ||     5
         Ring mail         |     3 |    34 |    13 ||    50
  Dodge: Dodged            |    19 |    82 |    18 ||   119

Table legend:
 A = Non-vault XP
 B = Vault XP
 C = Vault XP percentage of total XP
 D = Non-vault monster count
 E = Vault monster count
 F = Vault count percentage of total count
                 A         B        C        D         E       F
            +---------+---------+-------+---------+---------+-------
      Total |     694 |      83 |  10.7 |      59 |      16 |  21.3
            +---------+---------+-------+---------+---------+-------
        D:1 |      36 |       0 |   0.0 |      21 |       0 |   0.0
        D:2 |      21 |       3 |  12.5 |       6 |       2 |  25.0
        D:3 |     142 |      78 |  35.5 |      17 |      13 |  43.3
        D:4 |     214 |       0 |   0.0 |       9 |       0 |   0.0
        D:5 |     281 |       2 |   0.7 |       6 |       1 |  14.3
            +---------+---------+-------+---------+---------+-------
